 Dungeon Crawl Stone Soup version 0.31-a0-236-g9a0961fb85 (webtiles) character file.

Game seed: 11542189273098231956

100 qw the Shooter (level 4, 0/36 HPs)
             Began as a Minotaur Hexslinger on July 10, 2023.
             Slain by Grinder (5 damage)
             ... on level 3 of the Dungeon.
             The game lasted 00:00:35 (1519 turns).

qw the Shooter (Minotaur Hexslinger)                Turns: 1519, Time: 00:00:36

Health: 0/36       AC:  5    Str: 13    XL:     4   Next: 46%
Magic:  4/4        EV: 11    Int: 10    God:
Gold:   104        SH:  0    Dex: 14    Spells: 4/5 levels left

rFire   . . .        Y - +3 sling
rCold   . . .        (no shield)
rNeg    . . .        c - +0 ring mail
rPois   .            (helmet restricted)
rElec   .            (no cloak)
rCorr   +            (no gloves)
SInv    .            (no boots)
Will    .....        (no amulet)
Stlth   +            f - ring of resist corrosion
HPRegen 0.26/turn    (no ring)
MPRegen 0.09/turn

%: no passive effects
@: no status effects
A: horns 2, retaliatory headbutt
a: no special abilities


You were on level 3 of the Dungeon.
You visited 1 branch of the dungeon, and saw 3 of its levels.

You collected 104 gold pieces.


Innate Abilities, Weirdness & Mutations

You have a pair of horns on your head.
You reflexively headbutt those who attack you in melee.


   Skills:
 - Level 2.0 Fighting
 - Level 4.9 Ranged Weapons
 + Level 0.5 Armour
 - Level 2.1 Dodging
 - Level 1.0 Spellcasting
 - Level 2.0 Hexes


You had 4 spell levels left.
You knew the following spells:

 Your Spells              Type           Power      Damage    Failure   Level
a - Slow                  Hex            16%        N/A       32%         1

Your spell library contained the following spells:

 Spells                   Type           Power      Damage    Failure   Level
 Inner Flame              Hex/Fire       2%         N/A       82%         3
 Portal Projectile        Hex/Tloc       4%         N/A       82%         3
 Cause Fear               Hex            2%         N/A       97%         4

Inventory:

Hand Weapons
 Y - a +3 sling (weapon)
Armour
 c - a +0 ring mail (worn)
Jewellery
 f - a ring of resist corrosion (left hand)
Scrolls
 a - a scroll of identify
Potions
 b - a potion of ambrosia {unknown}
 d - 2 potions of curing {unknown}

Dungeon Overview and Level Annotations

Branches:
Dungeon (3/15)

Altars:
Hepliaklqana

Annotations:
D:3 Grinder


Message History

Grinder misses you. Grinder barely misses you.
An orc comes into view. It is wielding a +0 war axe.
You shoot a sling bullet.
The sling bullet closely misses Grinder.
Grinder says, "Just stop there for a second..."
Grinder gestures at you.
You barely resist. You shoot a sling bullet. The sling bullet hits Grinder.
Grinder is moderately wounded.
Grinder hits you but does no damage.
You shoot a sling bullet. The sling bullet barely misses Grinder.
An orc comes into view. It is wielding a +0 hand axe.
Grinder rolls her eyes.
Grinder hits you!
You writhe in agony.
You shoot a sling bullet. The orc shouts!
The sling bullet hits Grinder.
Grinder is moderately wounded.
Grinder gestures at you.
You barely resist. Grinder gestures at you.
You barely resist. You shoot a sling bullet. The sling bullet hits Grinder.
Grinder is moderately wounded.
Grinder hits you.
An orc comes into view. It is wielding a +0 hand axe.
You shoot a sling bullet. The orc shouts!
The sling bullet hits Grinder but does no damage.
Grinder is moderately wounded.
Grinder hits you.
You writhe in agony.
The orc closely misses you.
You shoot a sling bullet.
The sling bullet closely misses Grinder.
Grinder hits you. The orc closely misses you. You furiously retaliate!
You headbutt the orc!
You kill the orc!
You shoot a sling bullet. The sling bullet hits Grinder.
Grinder is heavily wounded.
Grinder hits you!
You writhe in agony.
You die...

##.. .. #.....
#..#. #... #..#
#
.#######..###..#
.......#.......#
..o..o)@5.### .
.......##...#.#
...#### #.#.#.#
. #.<...#
###.### #.#
########.#
..#...<....###
..............#


You could see Grinder and 2 orcs.

Vanquished Creatures
  Jessica (D:1)
  2 adders (D:2)
  3 worms
  2 dart slugs (D:1)
  An orc (D:3)
  2 ball pythons (D:1)
  7 bats
  6 endoplasms
  A giant cockroach (D:1)
  2 goblins (D:2)
  4 hobgoblins
  A quokka (D:1)
  2 frilled lizards (D:1)
  4 kobolds (D:1)
  5 rats
43 creatures vanquished.

Notes
Turn   | Place    | Note
-------+----------+-------------------------------------------
     0 | D:1      | qw the Minotaur Hexslinger began the quest for the Orb.
     0 | D:1      | Reached XP level 1. HP: 16/16 MP: 1/1
     0 | D:1      | 0 ||| qw: Version: 0.3-a-52-g30416fa
     0 | D:1      | 0 ||| qw: Game counter: 4861
     0 | D:1      | 0 ||| qw: Melee chars always use a shield: true
     0 | D:1      | 0 ||| qw: God list: Okawaru
     0 | D:1      | 0 ||| qw: Allow faded altars: false
     0 | D:1      | 0 ||| qw: Do Orc after clearing Dungeon:15 true
     0 | D:1      | 0 ||| qw: Do second Lair branch before Depths: true
     0 | D:1      | 0 ||| qw: Lair rune preference: random
     0 | D:1      | 0 ||| qw: Goals: Normal
     0 | D:1      | 0 ||| PLANNING D:1-11
   154 | D:1      | Reached skill level 3 in Ranged Weapons
   168 | D:1      | Reached XP level 2. HP: 23/23 MP: 2/2
   482 | D:1      | 482 ||| Stepping ~*~*~tactically~*~*~ (outnumbered).
   484 | D:1      | Reached XP level 3. HP: 28/29 MP: 3/3
   733 | D:1      | 733 ||| UPGRADING to +0 leather armour.
   743 | D:1      | 743 ||| DROPPING +0 robe.
   744 | D:1      | 744 ||| UPGRADING to ring of resist corrosion.
   745 | D:1      | 745 ||| READING scroll labelled VECOIL KAUCW.
   750 | D:1      | 750 ||| READING 2 scrolls labelled EDIOPI XACVAU.
   751 | D:1      | 751 ||| READING scroll labelled VEHICU GOAL.
   852 | D:1      | 852 ||| READING scroll labelled UDAK XAHOEPTAI.
   853 | D:1      | 853 ||| DROPPING scroll of poison.
   854 | D:1      | 854 ||| DROPPING scroll of vulnerability.
   874 | D:2      | Noticed Jessica
   878 | D:2      | 878 ||| STAIRDANCE
   920 | D:2      | Reached skill level 4 in Ranged Weapons
   923 | D:2      | 923 ||| STAIRDANCE
   928 | D:1      | Killed Jessica
   929 | D:1      | Reached XP level 4. HP: 12/36 MP: 4/4
  1101 | D:2      | Found a hazy altar of Hepliaklqana.
  1341 | D:2      | 1341 ||| READING scroll of enchant weapon.
  1341 | D:2      | 1341 ||| ENCHANTING +2 sling.
  1392 | D:2      | 1392 ||| UPGRADING to +0 ring mail.
  1402 | D:2      | 1402 ||| DROPPING +0 leather armour.
  1403 | D:2      | 1403 ||| READING 2 scrolls labelled JUKAYS XOUZATAIWN.
  1404 | D:2      | 1404 ||| READING scroll labelled VUICOCK USUEPO.
  1507 | D:3      | Noticed Grinder
  1519 | D:3      | HP: 5/36 [Grinder (7)]
  1519 | D:3      | Slain by Grinder

Levels and vault maps discovered:
D:1:      dpeg_arrival_signposts, layout_loops_ring, minmay_misc_feat_ornament
D:2:      layout_rooms, basic_altar, uniq_jessica
D:3:      layout_loops_cross, uniq_grinder

Skill      XL: |  1  2  3 |
---------------+----------+-----
Ranged Weapons | 3 4 |  4.9
Fighting       | 2 |  2.0
Armour         | |  0.5
Dodging        | |  2.1
Spellcasting   | |  1.0
Hexes          | |  2.0

Action                     |  1- 3 |  4- 6 || total
---------------------------+-------+-------++-------
   Fire: Sling             |    74 |    57 ||   131
    Use: Scroll            |     4 |     3 ||     7
 Armour: Robe              |     8 |       ||     8
         Leather armour    |     6 |     5 ||    11
         Ring mail         |       |     1 ||     1
  Dodge: Dodged            |    25 |    12 ||    37

Table legend:
 A = Non-vault XP
 B = Vault XP
 C = Vault XP percentage of total XP
 D = Non-vault monster count
 E = Vault monster count
 F = Vault count percentage of total count
                 A         B        C        D         E       F
            +---------+---------+-------+---------+---------+-------
      Total |     106 |      37 |  25.9 |      42 |       1 |   2.3
            +---------+---------+-------+---------+---------+-------
        D:1 |      46 |      37 |  44.6 |      27 |       1 |   3.6
        D:2 |      52 |       0 |   0.0 |      13 |       0 |   0.0
        D:3 |       8 |       0 |   0.0 |       2 |       0 |   0.0
            +---------+---------+-------+---------+---------+-------
